 Dungeon Crawl Stone Soup version 0.31-a0-37-g98a128e1d9 (webtiles) character file.

Game seed: 3934183852267328370

154 elagabalus the Caller (level 5, -2/35 HPs)
             Began as a Barachi Summoner on May 14, 2023.
             Slain by a kobold brigand
             ... wielding a +2 whip of distortion
              (4 damage)
             ... on level 3 of the Dungeon.
             The game lasted 00:21:03 (2094 turns).

elagabalus the Caller (Barachi Summoner)            Turns: 2094, Time: 00:21:04

Health: -2/35      AC:  4    Str:  9      XL:     5   Next: 36%
Magic:  4/11       EV: 12    Int: 17      God:
Gold:   135        SH:  0    Dex: 11 (13) Spells: 2/12 levels left

rFire   . . .        p - +2 dagger (heavy)
rCold   . . .        (no shield)
rNeg    . . .        a - +1 robe
rPois   .            (no helmet)
rElec   .            (no cloak)
rCorr   .            (no gloves)
SInv    .            c - +0 pair of boots
Will    .....        (no amulet)
Stlth   ++           (no ring)
HPRegen 0.25/turn    (no ring)
MPRegen 0.12/turn

%: no passive effects
@: slow
A: amphibious, slowness 1, strong legs 1, +LOS
a: Hop


You were on level 3 of the Dungeon.
You visited 1 branch of the dungeon, and saw 3 of its levels.

You collected 135 gold pieces.

Inventory:

Hand Weapons
 p - a +2 heavy dagger (weapon)
Armour
 a - a +1 robe (worn)
 c - a +0 pair of boots (worn)
Scrolls
 d - a scroll of blinking
 f - a scroll of identify
 g - a scroll of vulnerability
 m - a scroll of fear
 o - a scroll of enchant weapon
Potions
 b - a potion of magic
 e - a potion of cancellation
 l - 2 potions of curing
 n - 2 potions of heal wounds {unknown}


   Skills:
 - Level 2.1 Dodging
 - Level 1.7 Stealth
 - Level 4.2 Spellcasting
 - Level 6.0 Summonings
 * Level 1.6 Air Magic


You had 2 spell levels left.
You knew the following spells:

 Your Spells              Type           Power      Damage    Failure   Level
a - Summon Small Mammal   Summ           96%        N/A       1%          1
b - Call Imp              Summ           48%        N/A       1%          2
c - Call Canine Familiar  Summ           24%        N/A       4%          3
d - Summon Lightning Spi  Summ/Air       16%        N/A       32%         4

Your spell library contained the following spells:

 Spells                   Type           Power      Damage    Failure   Level
 Beastly Appendage        Tmut           6%         N/A       16%         1
 Necrotise                Necr           12%        1d4       16%         1
 Wereblood                Tmut           3%         N/A       24%         2
 Summon Guardian Golem    Hex/Summ       13%        N/A       14%         3
 Vhi's Electric Charge    Tloc/Air       12%        N/A       32%         3
 Spider Form              Tmut/Pois      3%         N/A       43%         3
 Vampiric Draining        Necr           3%         2d6       43%         3
 Arcjolt                  Conj/Air       3%         1d13      97%         5
 Agony                    Necr           3%         N/A       99%         5
 Maxwell's Capacitive Co  Air            4%         ∞         100%        8


Dungeon Overview and Level Annotations

Branches:
Dungeon (3/15)

Altars:

Portals:
Abyss: D:3

Annotations:
D:3 1 transporter


Innate Abilities, Weirdness & Mutations

You are amphibious.
You cover ground slowly.
You can hop short distances.
You have an extended range of vision and can be seen from far away.


Message History

The quasit claws you but does no damage.
The quasit closely misses you. The crimson imp completely misses you.
There is a one-way gate to the infinite horrors of the Abyss here.
The quasit bites you but does no damage.
The quasit claws you but does no damage.
The quasit barely misses you.
The crimson imp hits you but does no damage.
The quasit completely misses you.
The quasit claws you but does no damage.
The quasit claws you.
* * * LOW HITPOINT WARNING * * *
You see here a scroll of identify.
f - a scroll of identify The crimson imp barely misses you.
The quasit barely misses you.
The quasit claws you but does no damage. x2
The quasit misses you. The quasit barely misses you. x2
The crimson imp hits you.
* * * LOW HITPOINT WARNING * * *
There is a one-way gate to the infinite horrors of the Abyss here.
The quasit bites you but does no damage.
The quasit barely misses you.
The quasit claws you but does no damage.
The crimson imp attacks as you move away!
The crimson imp hits you but does no damage.
The quasit attacks as you move away! The quasit closely misses you.
The quasit completely misses you. The quasit closely misses you.
The crimson imp completely misses you. The quasit closely misses you.
The quasit claws you but does no damage.
The quasit closely misses you.
You see here a scroll of blinking.
d - 2 scrolls of blinking (gained 1)
The quasit misses you. The quasit barely misses you.
The quasit claws you but does no damage.
The crimson imp hits you.
* * * LOW HITPOINT WARNING * * *
Blink to where?
Press: ? - help, Dir - move target
As you read the scroll of blinking, it crumbles to dust.
The kobold brigand hits you with a +2 whip of distortion.
You die...

.##...............©....# #
.##...####..)....###...#.#
.##...#..###...###©##..#.####.#
.##...###..##..#.#..#.........#
.##....#.##.####.#.##..#.######
..#...##.#........##.....##
.....##$§§###.(#.##)......#
..#..#..###.©.#..#.....#..#
.....##..#.###..@###......#
..#...##..##.###K55##..#..#
.##...##..#....##...#.....# .
#..##.#.###...##..#.....#
#..#.###..##..##.##.....#
#..##..K#..#..#..#...#..#
#...####..##..##.#...#>.###
#......####....###...#...[#
###.......##......©....#.##.#


You could see a kobold brigand, a quasit and a crimson imp.

Vanquished Creatures
  A giant cockroach (D:3)
1 creature vanquished.

Vanquished Creatures (collateral kills)
  The ghost of Liamsmithers the Firebug, a weakling HuCA of Ignis (D:3)
  4 gnolls (D:2)
  5 adders
  2 dart slugs
  3 bats
  An endoplasm (D:1)
  4 giant cockroaches
  9 goblins
  4 hobgoblins
  2 jackals (D:2)
  A quokka (D:2)
  4 ball pythons
  3 frilled lizards
  3 kobolds
  6 rats
52 creatures vanquished.

Grand Total: 53 creatures vanquished

Notes
Turn   | Place    | Note
-------+----------+-------------------------------------------
     0 | D:1      | elagabalus the Barachi Summoner began the quest for the
                  | Orb.
     0 | D:1      | Reached XP level 1. HP: 13/13 MP: 3/3
    57 | D:1      | Reached skill level 5 in Summonings
   310 | D:1      | Reached XP level 2. HP: 19/19 MP: 1/5
   518 | D:1      | Learned a level 2 spell: Call Imp
   859 | D:2      | Reached skill level 6 in Summonings
   859 | D:2      | Reached XP level 3. HP: 23/24 MP: 2/6
   863 | D:2      | Learned a level 3 spell: Call Canine Familiar
   978 | D:2      | Reached XP level 4. HP: 10/30 MP: 2/9
  1585 | D:3      | Reached XP level 5. HP: 35/35 MP: 7/11
  1590 | D:3      | Learned a level 4 spell: Summon Lightning Spire
  1858 | D:3      | Reached skill level 1 in Air Magic
  1866 | D:3      | Found a one-way gate to the infinite horrors of the Abyss.
  1866 | D:3      | Noticed a kobold brigand
  1866 | D:3      | Noticed Liamsmithers's ghost (weakling HuCA)
  1872 | D:3      | Found a transporter.
  1892 | D:3      | Found a transporter.
  2068 | D:3      | Killed Liamsmithers's ghost
  2094 | D:3      | Slain by a kobold brigand

Illustrated notes

Levels and vault maps discovered:
D:1:      tarquinn_simple_flora_water_e, layout_rooms, serial_aquarium,
          aquarium_bridge_long_joined [aquarium_subvault_balcony,
          aquarium_subvault_bridge, aquarium_subvault_wall,
          aquarium_subvault_balcony, aquarium_subvault_bridge,
          aquarium_subvault_wall], aquarium_window_fake, aquarium_window_double,
          aquarium_view_2e, roderic_roman_lattice
D:2:      layout_rooms, minmay_misc_feat_square, minmay_puff
D:3:      layout_loops_ring, gammafunk_ghost_abyssal_escape,
          serial_bayou_crossing

Skill      XL: |  1  2  3  4  5 |
---------------+----------------+-----
Summonings     | 5 6 |  6.0
Spellcasting   | 3 4 |  4.2
Air Magic      | 1 |  1.6
Dodging        | |  2.1
Stealth        | |  1.7

Action                     |  1- 3 |  4- 6 || total
---------------------------+-------+-------++-------
  Melee: Dagger            |       |     3 ||     3
   Cast: Summon Small Mamm |    31 |    13 ||    44
         Call Imp          |     8 |    12 ||    20
         Call Canine Famil |     1 |    11 ||    12
Ability: Hop               |     1 |       ||     1
    Use: Scroll            |     4 |     8 ||    12
   Stab: Sleeping          |       |     1 ||     1
 Armour: Robe              |    13 |    51 ||    64
  Dodge: Dodged            |    24 |    89 ||   113

Table legend: (Time is in decaauts)
 A = Elapsed time spent in this place.
 B = Non-inter-level travel time spent in this place.
 C = Inter-level travel time spent in this place.
 D = Time resting spent in this place.
 E = Time spent auto-exploring this place.
 F = Levels seen in this place.
 G = Mean time per level.
                   A        B        C        D        E       F      G
               +--------+--------+--------+--------+--------+-----+--------+
         Total |   2449 |    725 |   1724 |      0 |      0 |   3 |  816.3 |
       Dungeon |   2449 |    725 |   1724 |      0 |      0 |   3 |  816.3 |
               +--------+--------+--------+--------+--------+-----+--------+

Top non-repeatable levels by time:
     D:2: 955 daAuts
     D:1: 827 daAuts
     D:3: 666 daAuts
